 Dungeon Crawl Stone Soup version 0.28.0 (webtiles) character file.

Game seed: 14959917919690037992

2181 fragbeetle the Transmogrifier (level 9, 0/115 HPs)
             Began as a White Draconian Transmuter on Feb 18, 2022.
             Slain by Grinder (3 damage)
             ... on level 7 of the Dungeon.
             The game lasted 00:11:52 (7687 turns).

fragbeetle the Transmogrifier (DrTm)                Turns: 7687, Time: 00:11:52

Health: 0/115      AC:  7    Str: 14    XL:     9   Next: 11%
Magic:  11/12      EV: 10    Int: 15    God:
Gold:   62         SH:  0    Dex: 15    Spells: 4/12 levels left

rFire   x . .      SeeInvis .     - Unarmed
rCold   + + +      Faith    .   (shield currently unavailable)
rNeg    . . .      Spirit   .   (armour unavailable)
rPois   +          Reflect  .   (helmet currently unavailable)
rElec   .          Harm     .   (cloak currently unavailable)
rCorr   .          Rampage  .   (gloves currently unavailable)
Will    +....                   (boots currently unavailable)
Stlth   ..........              (no amulet)
HPRegen 0.29/turn               (no ring)
MPRegen 0.13/turn               (no ring)

@: berserking, ice-form, very quick
A: freezing attack, amphibious, boosted hp, (breathe frost), AC +7, large,
unfitting armour, (cold resistance 2), (cold-blooded), agile 1, strong-willed 1
a: End Transformation


You were on level 7 of the Dungeon.
You were a creature of crystalline ice.
You visited 1 branch of the dungeon, and saw 7 of its levels.

You collected 288 gold pieces.
You spent 226 gold pieces at shops.

Inventory:

Missiles
 p - a throwing net
Armour
 e - a +0 pair of gloves (melded)
 h - a +2 hat (melded)
Wands
 l - a wand of flame (18)
 r - a wand of iceblast (9)
Scrolls
 c - a scroll of enchant armour
 d - 3 scrolls of enchant weapon
 g - 2 scrolls of torment
 k - 3 scrolls of magic mapping
 m - 4 scrolls of teleportation
 n - a scroll of brand weapon {unknown}
 o - 2 scrolls of amnesia
 q - a scroll of vulnerability {unknown}
 s - a scroll of blinking {unknown}
 u - a scroll of fear
Potions
 a - a potion of mutation
 i - 2 potions of lignification
 j - a potion of magic {unknown}
 t - a potion of invisibility {unknown}


   Skills:
 - Level 1.1 Fighting
 - Level 1.7 Dodging
 - Level 5.0 Unarmed Combat
 - Level 2.0 Spellcasting
 + Level 9.4 Transmutations
 - Level 5.0 Ice Magic
 - Level 5.0 Poison Magic


You had 4 spell levels left.
You knew the following spells:

 Your Spells              Type           Power      Damage    Failure   Level
a - Beastly Appendage     Tmut           58%        N/A       1%          1
b - Spider Form           Tmut/Pois      23%        N/A       3%          3
c - Ice Form              Ice/Tmut       23%        N/A       12%         4

Your spell library contained the following spells:

 Spells                   Type           Power      Damage    Failure   Level
 Wereblood                Tmut           29%        N/A       1%          2
 Dispersal                Tloc           0%         N/A       100%        6
 Disjunction              Tloc           0%         N/A       100%        8


Dungeon Overview and Level Annotations

Branches:
Dungeon (7/15)             Temple (0/1) D:7

Altars:
Qazlal

Shops:
D:6 ?

Annotations:
D:5 1 runed translucent door, Crazy Yiuf
D:6 1 runed translucent door, Sanktem7's ghost, amateur MiFi
D:7 Grinder


Innate Abilities, Weirdness & Mutations

You are a creature of crystalline ice.
You have a powerful freezing melee attack.
You are amphibious.
Your maximum health is increased.
Your armour is entirely melded.
You are incapable of wielding weapons or throwing items.
((You can breathe waves of freezing cold which knock back foes.))
((Your icy white scales are hard. (AC +7)))
You cannot fit into any form of body armour.
((Your flesh is very cold resistant. (rC++)))
((You are cold-blooded and may be slowed by cold attacks.))
You are agile. (Dex +2)
You are strong-willed. (Will+)


Message History

You hit Grinder.
Grinder is moderately wounded.
The centaur shoots an arrow.
The arrow hits you. Grinder closely misses you.
The centaur shoots an arrow.
The arrow closely misses you.
You punch Grinder!
Grinder is heavily wounded.
Grinder hits you!
You writhe in agony.
The centaur shoots an arrow.
The arrow barely misses you.
You punch Grinder! You freeze Grinder.
Grinder is severely wounded.
The centaur shoots an arrow.
The arrow hits you. Grinder gestures at you. You resist with almost no effort.
You barely miss Grinder.
Grinder is severely wounded.
Grinder hits you!
You writhe in agony.
The centaur shoots an arrow.
The arrow hits you.
Unknown command.
You punch Grinder!
Grinder is almost dead.
The centaur shoots an arrow.
The arrow hits you but does no damage. Grinder hits you!
You writhe in agony.
Unknown command.
You barely miss Grinder.
Grinder is almost dead.
Grinder hits you!
* * * LOW HITPOINT WARNING * * *
You writhe in agony.
* * * LOW HITPOINT WARNING * * *
The centaur shoots an arrow.
The arrow hits you!
* * * LOW HITPOINT WARNING * * *
It was a potion of curing.
You feel better.
The centaur shoots an arrow.
The arrow hits you!
* * * LOW HITPOINT WARNING * * *
Grinder gestures at you. You resist with almost no effort.
It was a potion of berserk rage.
A red film seems to cover your vision as you go berserk!
You feel yourself moving faster!
You feel mighty! Grinder hits you.
You die...

#....... ......
+...... #...... .
#...... ...... ..
#.....##.##.##.
....#.....#........
....#####..........
..........#..⌠...⌠.
..........#........
......5Y.......>...
........c.#........
.....?....#..⌠...⌠.
#########<...$.....
#.#......(.
+.##.##.##. #..
...... #.. ......
#... ...


You could see Grinder and a centaur.

Vanquished Creatures
  Menkaure (D:5)
  2 water moccasins (D:6)
  2 ice beasts
  A black bear (D:6)
  A necrophage (D:4)
  An ogre (D:5)
  2 phantoms (D:5)
  3 scorpions
  3 killer bees (D:6)
  2 centaur zombies
  2 jellies
  A bullfrog zombie (D:6)
  An orc priest (D:5)
  A bullfrog skeleton (D:5)
  A gnoll shaman (D:5)
  A hound (D:4)
  An iguana (D:5)
  4 orc wizards
  A howler monkey skeleton (D:5)
  5 gnolls
  5 adders
  A shadow imp (D:4)
  A white imp (D:5)
  2 worms (D:2)
  2 dart slugs
  19 orcs
  9 bats
  4 endoplasms
  A giant cockroach (D:1)
  6 goblins
  7 hobgoblins
  5 jackals (D:1)
  2 quokkas
  8 ball pythons
  2 frilled lizards (D:3)
  12 kobolds
  2 rats (D:1)
124 creatures vanquished.

Vanquished Creatures (others)
  2 withered plants (D:6)
2 creatures vanquished.

Grand Total: 126 creatures vanquished

Notes
Turn   | Place    | Note
-------+----------+-------------------------------------------
     0 | D:1      | fragbeetle the Draconian Transmuter began the quest for the
                  | Orb.
     0 | D:1      | Reached XP level 1. HP: 16/16 MP: 3/3
   291 | D:1      | Reached XP level 2. HP: 23/23 MP: 3/5
   920 | D:1      | Found a faded altar of an unknown god.
  1153 | D:2      | Reached XP level 3. HP: 25/28 MP: 4/6
  1236 | D:2      | Reached skill level 3 in Transmutations
  1401 | D:2      | Found a stormy altar of Qazlal.
  1909 | D:2      | Reached XP level 4. HP: 35/35 MP: 5/7
  2689 | D:3      | Reached skill level 4 in Transmutations
  2689 | D:3      | Reached XP level 5. HP: 9/40 MP: 8/8
  2705 | D:3      | HP: 2/40 [orc (4)]
  2999 | D:3      | Learned a level 3 spell: Spider Form
  3589 | D:4      | Reached skill level 1 in Poison Magic
  3764 | D:4      | Reached skill level 5 in Unarmed Combat
  3764 | D:4      | Reached XP level 6. HP: 47/47 MP: 7/9
  4147 | D:5      | Entered Level 5 of the Dungeon
  4156 | D:5      | Reached skill level 5 in Transmutations
  4437 | D:5      | Your scales start taking on an icy white colour.
  4437 | D:5      | Reached XP level 7. HP: 36/52 MP: 10/10
  4437 | D:5      | Gained mutation: Your flesh is cold resistant. (rC+) [White
                  | Draconian growth]
  4656 | D:5      | Reached skill level 6 in Transmutations
  5136 | D:5      | Learned a level 4 spell: Ice Form
  5163 | D:5      | Noticed Menkaure
  5170 | D:5      | Killed Menkaure
  5171 | D:5      | Reached skill level 5 in Poison Magic
  5171 | D:5      | Reached XP level 8. HP: 26/59 MP: 9/11
  5416 | D:5      | Reached skill level 7 in Transmutations
  5731 | D:5      | Found a runed translucent door.
  5732 | D:5      | Noticed Crazy Yiuf
  5772 | D:6      | Reached skill level 1 in Ice Magic
  5980 | D:6      | Found a runed translucent door.
  5980 | D:6      | Noticed Sanktem7's ghost (amateur MiFi)
  5985 | D:6      | Noticed Grinder
  6037 | D:6      | Gained mutation: You are agile. (Dex +2) [potion of
                  | mutation]
  6037 | D:6      | Gained mutation: You are strong-willed. (Will+) [potion of
                  | mutation]
  6037 | D:6      | Gained mutation: Your flesh is very cold resistant. (rC++)
                  | [potion of mutation]
  6409 | D:6      | Reached skill level 8 in Transmutations
  6698 | D:6      | Found Xywna's Magic Scroll Shoppe.
  6701 | D:6      | Bought a scroll of identify for 26 gold pieces
  6701 | D:6      | Bought a scroll of identify for 26 gold pieces
  6701 | D:6      | Bought a scroll of magic mapping for 45 gold pieces
  6701 | D:6      | Bought a scroll of teleportation for 39 gold pieces
  6701 | D:6      | Bought a scroll of fear for 45 gold pieces
  6701 | D:6      | Bought a scroll of amnesia for 45 gold pieces
  7028 | D:6      | Reached skill level 5 in Ice Magic
  7067 | D:6      | Reached skill level 9 in Transmutations
  7067 | D:6      | Reached XP level 9. HP: 31/64 MP: 8/12
  7661 | D:7      | Found a staircase to the Ecumenical Temple.
  7685 | D:7      | HP: 1/76 [centaur/arrow (11)]
  7687 | D:7      | Slain by Grinder

Illustrated notes

Levels and vault maps discovered:
D:1:      matt_arrival_refuge, layout_basic,
          shapermc_ecumenical_altar_mp_vishouse, columned_hall_lemuel
D:2:      layout_loops_ring, basic_altar, nrook_mini_backslash,
          dk_noncrumbling_4
D:3:      layout_rooms
D:4:      layout_rooms, nicolae_elevator_lobby_asterisk
D:5:      layout_loops_ring, minmay_between, uniq_menkaure,
          uniq_crazy_yiuf_cottage
D:6:      layout_basic, gammafunk_ghost_grave, serial_shops, kennysheep_mini,
          minmay_misc_feat_diagonals, minmay_holes, uniq_grinder
D:7:      layout_gridville, minmay_temple_entry_large_hall

Skill      XL: |  1  2  3  4  5  6  7  8 |
---------------+-------------------------+-----
Transmutations | 3 4 5 6 9 |  9.4
Unarmed Combat | 4 5 |  5.0
Poison Magic   | 1 3 5 |  5.0
Ice Magic      | 5 |  5.0
Fighting       | |  1.1
Dodging        | |  1.7
Spellcasting   | |  2.0

Action                   |  1- 3 |  4- 6 |  7- 9 || total
-------------------------+-------+-------+-------++-------
Melee: Unarmed           |   132 |   175 |   169 ||   476
       Kick              |    14 |    45 |    20 ||    79
       Tailslap          |    12 |    21 |    13 ||    46
       Headbutt          |    13 |    21 |    13 ||    47
       Punch             |     1 |     5 |     2 ||     8
 Cast: Beastly Appendage |    23 |    28 |     8 ||    59
       Spider Form       |       |       |     8 ||     8
       Ice Form          |       |       |     5 ||     5
 Abil: Breathe Frost     |       |       |     1 ||     1
       End Transformatio |       |       |     1 ||     1
  Use: Scroll            |       |       |     3 ||     3
       Potion            |       |       |     4 ||     4
 Stab: Sleeping          |       |       |     2 ||     2
Armor: Skin              |    72 |    56 |    45 ||   173
Dodge: Dodged            |    99 |    77 |   100 ||   276
